 Dungeon Crawl Stone Soup version 0.25-a0-246-g58704a1ebd (webtiles) character file.

Game seed: 14614224375071202200, levelgen mode: deterministic

788 floatRand the Chopper (level 7, -5/52 HPs)
             Began as a Demonspawn Monk on Dec 3, 2019.
             Killed by divine providence
             ... invoked by an orc priest
              (17 damage)
             ... on level 3 of the Dungeon.
             The game lasted 00:08:35 (6103 turns).

floatRand the Chopper (Demonspawn Monk)             Turns: 6103, Time: 00:08:36

Health: -5/52      AC: 15    Str: 17    XL:     7   Next: 56%
Magic:  7/7        EV:  7    Int: 11    God:
Gold:   28         SH:  6    Dex: 22    Spells: 6/6 levels left

rFire    . . .     SeeInvis .   a - +1 hand axe
rCold    . . .     Gourm    .   (no shield)
rNeg     . . .     Faith    .   e - +0 plate armour
rPois    .         Spirit   .   m - +4 helmet "Renutud" {Dex+6}
rElec    .         Reflect  .   (no cloak)
rCorr    .         Harm     .   (no gloves)
MR       .....                  (no boots)
Stlth    ..........             r - amulet of rage
HPRegen  0.17/turn              p - +4 ring of strength
MPRegen  0.10/turn              (no ring)

@: no status effects
A: large bone plates 2, powered by death 1, rot immunity
a: Evoke Berserk Rage


You were on level 3 of the Dungeon.
You were not hungry.

You visited 1 branch of the dungeon, and saw 4 of its levels.

You collected 196 gold pieces.
You spent 168 gold pieces at shops.

Inventory:

Hand Weapons
 a - a +1 hand axe (weapon)
Missiles
 h - 2 silver boomerangs (quivered)
 t - 4 poisoned darts
Armour
 b - a +0 robe
 e - a +0 plate armour (worn)
 m - the +4 helmet "Renutud" (worn) {Dex+6}
   (You took it off Robin on level 3 of the Dungeon)

   It affects your dexterity (+6).
 q - +1 ice dragon scales
Jewellery
 i - a cursed amulet of inaccuracy {unknown}
 p - a +4 ring of strength (left hand)
 r - an amulet of rage (around neck)
Wands
 f - a wand of flame (32)
Scrolls
 g - 2 scrolls of teleportation
 l - a scroll of blinking {unknown}
Potions
 j - 2 potions of heal wounds
 k - a potion of lignification
 o - a potion of brilliance {unknown}
Comestibles
 c - 2 rations
 d - 5 chunks of flesh


   Skills:
 - Level 3.0 Fighting
 * Level 6.9 Axes
 + Level 5.2 Dodging
 - Level 1.7 Stealth


You had 6 spell levels left.
You didn't know any spells.
Your spell library was empty.

Dungeon Overview and Level Annotations

Branches:
Dungeon (4/15)
 Temple: D:4-7

Altars:
Trog
Uskayaw

Shops:
D:4 *

Annotations:
D:4 Eustachio


Innate Abilities, Weirdness & Mutations

You are mostly covered in large bone plates. (SH +6)
You regenerate a little health from kills.
You are immune to rotting.


Message History

Unknown command.
You are too injured to fight recklessly!
You hit the orc priest.
The orc priest is moderately wounded.
The orc priest hits you but does no damage.
You completely miss the orc priest.
The orc priest is moderately wounded.
The orc priest mumbles some strange prayers to Beogh against you.
Beogh smites you!
* * * LOW HITPOINT WARNING * * *
Unknown command.
Your plate armour prevents you from hitting the orc priest.
The orc priest is moderately wounded.
You are too injured to fight recklessly!
Unknown command.
Your plate armour prevents you from hitting the orc priest.
The orc priest is moderately wounded.
The orc priest calls down the wrath of Beogh upon you.
Beogh smites you!
You die...

######### #.#.#
#.......# #.#.#
#.......# #.#.#
#.......# #.#.#
#.......# #.#[#
#.......# #.#.#
######.......####.#.#
....###.###....[)o#.#
....'..........)@[..#
....###.########.##.####
....# #.# #.#.....#
....# #.# #.#..##.#
.#### #.# ######.#..##.#
'### #.###......#..##.#
...# #..........#...#.#
...# ####.......#.#.#.#
...# #.......#.#.#)#


You could see an orc priest.

Vanquished Creatures
  Grinder (D:4)
  A phantom (D:3)
  A scorpion (D:4)
  A crimson imp (D:3)
  2 orc priests (D:3)
  6 orc wizards
  A hound skeleton (D:4)
  Robin (D:3)
  3 gnolls
  An adder (D:3)
  2 worms
  A dart slug (D:3)
  A leopard gecko (D:1)
  23 orcs
  4 ball pythons
  6 bats
  6 giant cockroaches
  18 goblins
  10 hobgoblins
  2 jackals (D:4)
  12 kobolds
  5 frilled lizards
  8 rats
116 creatures vanquished.

Notes
Turn   | Place    | Note
-------+----------+-------------------------------------------
     0 | D:1      | floatRand the Demonspawn Monk began the quest for the Orb.
     0 | D:1      | Reached XP level 1. HP: 18/18 MP: 1/1
   110 | D:1      | Reached skill level 3 in Axes
   217 | D:1      | Gained mutation: You are partially covered in large bone
                  | plates. (SH +4) [demonic ancestry]
   217 | D:1      | Reached XP level 2. HP: 20/24 MP: 2/2
   861 | D:1      | Gained mutation: You are mostly covered in large bone
                  | plates. (SH +6) [demonic ancestry]
   861 | D:1      | Reached XP level 3. HP: 28/29 MP: 3/3
  1420 | D:2      | Found a bloodstained altar of Trog.
  1531 | D:2      | Found a hide-covered altar of Uskayaw.
  2519 | D:3      | Reached skill level 4 in Axes
  2519 | D:3      | Reached XP level 4. HP: 35/35 MP: 4/4
  2739 | D:3      | HP: 1/35 [orc/+0 trident (6)]
  3543 | D:3      | Reached XP level 5. HP: 41/41 MP: 5/5
  3598 | D:4      | Noticed Grinder
  3612 | D:4      | Paralysed by something for 3 turns
  3848 | D:4      | Noticed a phantom
  3879 | D:4      | Noticed Eustachio
  4200 | D:4      | Reached skill level 5 in Axes
  4474 | D:3      | Gained mutation: You are immune to rotting. [demonic
                  | ancestry]
  4474 | D:3      | Reached XP level 6. HP: 20/47 MP: 6/6
  4680 | D:4      | Identified the +4 helmet "Renutud" {Dex+6}
  4680 | D:4      | Noticed Robin
  4692 | D:3      | Killed Robin
  4788 | D:4      | Found Diet's Assorted Antiques.
  4808 | D:4      | Bought a wooden ring for 120 gold pieces
  4808 | D:4      | Bought a scroll labeled LARA TODWURI for 24 gold pieces
  4808 | D:4      | Bought a scroll labeled KUENUTA JEKUWE for 24 gold pieces
  5077 | D:3      | Reached skill level 6 in Axes
  5236 | D:4      | Gained mutation: You regenerate a little health from kills.
                  | [demonic ancestry]
  5236 | D:4      | Reached XP level 7. HP: 52/52 MP: 7/7
  5364 | D:4      | Paralysed by Grinder for 7 turns
  5383 | D:4      | Killed Grinder
  5383 | D:4      | Reached skill level 5 in Dodging
  5412 | D:4      | HP: 1/52 [orc priest/divine providence (9)]
  6103 | D:3      | Killed from afar by an orc priest

Levels and vault maps discovered:
D:1:      dpeg_arrival_shelter, layout_loops_corners
D:2:      layout_basic, nicolae_overflow_crystal_walls, bloody_trog,
          columned_hall_lemuel
D:3:      layout_basic
D:4:      layout_basic, tgw_xom, vehumet_statue, minmay_temple_entry_poolview,
          serial_shops, shop, shop_statue, nicolae_shop_trees, shop,
          first_ration, chequers_serial_rivers_micro_c, uniq_eustachio,
          uniq_grinder, uniq_robin

Skill      XL: |  1  2  3  4  5  6  7 |
---------------+----------------------+-----
Axes           | 3 4 5 6 |  6.9
Dodging        | 3 4 5 |  5.2
Fighting       | |  3.0
Stealth        | |  1.7

Action                   |  1- 3 |  4- 6 |  7- 9 || total
-------------------------+-------+-------+-------++-------
Melee: Hand axe          |   153 |   282 |    65 ||   500
Throw: Boomerang         |     3 |       |       ||     3
  Use: Scroll            |     7 |     3 |       ||    10
       Potion            |       |     3 |     1 ||     4
 Stab: Sleeping          |     9 |       |       ||     9
  Eat: Chunk             |     5 |     6 |     3 ||    14
       Ration            |       |     1 |       ||     1
Armor: Robe              |    20 |       |       ||    20
       Ice dragon scales |     5 |    27 |       ||    32
       Plate armour      |       |   115 |    26 ||   141
       Skin              |       |    17 |       ||    17
Dodge: Dodged            |    86 |    83 |    10 ||   179
Block: Other             |    28 |    67 |    10 ||   105

Table legend:
 A = Non-vault XP
 B = Vault XP
 C = Vault XP percentage of total XP
 D = Non-vault monster count
 E = Vault monster count
 F = Vault count percentage of total count
                 A         B        C        D         E       F
            +---------+---------+-------+---------+---------+-------
      Total |     809 |     317 |  28.2 |     103 |      13 |  11.2
            +---------+---------+-------+---------+---------+-------
        D:1 |      43 |       0 |   0.0 |      25 |       0 |   0.0
        D:2 |      16 |       0 |   0.0 |       9 |       0 |   0.0
        D:3 |     503 |      15 |   2.9 |      51 |       1 |   1.9
        D:4 |     247 |     302 |  55.0 |      18 |      12 |  40.0
            +---------+---------+-------+---------+---------+-------
